 Dungeon Crawl Stone Soup version 0.30-a0-355-g4c39ff33d3 (webtiles) character file.

Game seed: 16695530371107452961

189694 Querens the Eclecticist (level 17, -6/97 HPs)
             Began as a Deep Elf Conjurer on Nov 8, 2022.
             Was the Champion of Vehumet.
             Mangled by a bunyip (31 damage)
             ... on level 1 of the Swamp.
             The game lasted 01:57:33 (16067 turns).

Querens the Eclecticist (Deep Elf Conjurer)        Turns: 16067, Time: 01:57:34

Health: -6/97      AC: 13    Str:  7    XL:     17   Next: 51%
Magic:  24/52      EV: 12    Int: 32    God:    Vehumet [******]
Gold:   982        SH:  9    Dex: 13    Spells: 13/56 levels left

rFire   . . .      SeeInvis .    R - +6 war axe "Ceonon" {spect, rC+ Str+3}
rCold   + . .      Faith    .    e - orb {*channel}
rNeg    . . .      Spirit   .    j - +0 robe {Archmagi}
rPois   +          Reflect  +    (helmet restricted)
rElec   .          Harm     .    N - +0 cloak
rCorr   .          Rampage  .    d - +1 pair of gloves
Will    +....      Archmagi +    (no boots)
Stlth   ++........ Rage     3%   W - amulet "Omiesk" {Reflect rPois SH+5}
HPRegen 0.36/turn                i - ring of the Tortoise {AC+8}
MPRegen 0.33/turn                X - ring of magical power

@: studying Necromancy
A: horns 1, large bone plates 1, berserk 1
}: 1/15 runes: serpentine
a: Renounce Religion


You were on level 1 of the Swamp.
You worshipped Vehumet.
Vehumet was exalted by your worship.
You visited 6 branches of the dungeon, and saw 24 of its levels.
You also visited: Sewer, Ossuary, Bailey, Ice Cave and Volcano.

You collected 2648 gold pieces.
You spent 1666 gold pieces at shops.

Inventory:

Hand Weapons
 R - the +6 war axe "Ceonon" (weapon) {spect, rC+ Str+3}
   (You found it on level 3 of the Snake Pit)

   When its wielder attacks, the weapon's spirit leaps out and strikes again.
   The spirit shares a part of any damage it takes with its wielder.
   Str:       It affects your strength (+3).
   rC:        It protects you from cold.
Armour
 d - a +1 pair of gloves (worn)
 e - an orb of energy (worn)
 j - a +0 robe of the Archmagi (worn)
 y - a +2 leather armour of fire resistance
 N - a +0 cloak (worn)
Magical Staves
 J - a staff of earth
Jewellery
 f - a ring of ice
 i - the ring of the Tortoise (left hand) {AC+8}
   (You found it on level 5 of the Lair of Beasts)

   [ring of protection]

   AC:        It affects your AC (+8).
 S - an amulet of magic regeneration
 T - a ring of protection from cold
 W - the amulet "Omiesk" (around neck) {Reflect rPois SH+5}
   (You acquired it in a bailey)

   [amulet of reflection]

   It reflects blocked missile attacks.
   rPois:     It protects you from poison.
   SH:        It affects your SH (+5).
 X - a ring of magical power (right hand)
Wands
 m - a wand of digging (4)
 H - a wand of iceblast (9)
 K - a wand of mindburst (9)
 M - a wand of flame (27)
 O - a wand of quicksilver (4)
 P - a wand of polymorph (18)
Scrolls
 g - 3 scrolls of enchant armour
 k - 4 scrolls of blinking
 p - 8 scrolls of magic mapping
 r - 4 scrolls of amnesia
 u - 2 scrolls of immolation
 B - 2 scrolls of butterflies
 D - 3 scrolls of summoning
 E - 5 scrolls of fear
 F - 5 scrolls of enchant weapon
 G - 8 scrolls of teleportation
 L - 4 scrolls of poison
 V - a scroll of silence
Potions
 c - 7 potions of mutation
 h - 3 potions of attraction
 l - 4 potions of haste
 o - 4 potions of heal wounds
 q - 6 potions of cancellation
 s - 4 potions of might
 t - 4 potions of curing
 v - 5 potions of brilliance
 x - 5 potions of flight
 z - 5 potions of lignification
 A - 9 potions of invisibility
 C - 2 potions of berserk rage
 Q - 3 potions of resistance
 U - 6 potions of magic
Miscellaneous
 b - a tin of tremorstones (2/2)
 n - a condenser vane
 w - a box of beasts (inert)


   Skills:
 - Level 8.0 Fighting
 - Level 2.4 Dodging
 - Level 2.4 Stealth
 + Level 20.1 Spellcasting
 + Level 17.6 Conjurations
 - Level 12.0 Translocations
 + Level 12.7 Fire Magic
 + Level 17.0 Evocations


You had 13 spell levels left.
You knew the following spells:

 Your Spells              Type           Power      Damage    Failure   Level
a - Magic Dart            Conj           100%       1d8       0%          1
b - Searing Ray           Conj           100%       2d8       0%          2
c - Fulminant Prism       Conj/Hex       46%        3d21      1%          4
d - Iskenderun's Mystic   Conj/Tloc      100%       2d19      1%          4
e - Starburst             Conj/Fire      57%        6d15      1%          6
f - Lehudib's Crystal Sp  Conj/Erth      46%        10d11     41%         8
g - Fire Storm            Conj/Fire      57%        8d14      45%         9
h - Shatter               Erth           24%        3d21*     100%        9

Your spell library contained the following spells:

 Spells                   Type           Power      Damage    Failure   Level
 Summon Small Mammal      Summ           100%       N/A       1%          1
 Sublimation of Blood     Necr           48%        N/A       1%          2
 Dazzling Flash           Conj/Hex       100%       N/A       1%          3
 Frozen Ramparts          Ice            96%        1d15      1%          3
 Portal Projectile        Hex/Tloc       100%       N/A       1%          3
 Vhi's Electric Charge    Tloc/Air       100%       N/A       1%          3
 Arcjolt                  Conj/Air       46%        1d56      1%          5
 Freezing Cloud           Conj/Ice/Air   40%        6-21      1%          5
 Irradiate                Conj/Tmut      46%        3d27      1%          5
 Call Canine Familiar     Summ           48%        N/A       3%          3
 Summon Guardian Golem    Hex/Summ       48%        N/A       3%          3
 Yara's Violent Unravell  Hex/Tmut       24%        3d11      9%          5
 Ice Form                 Ice/Tmut       48%        N/A       11%         4
 Leda's Liquefaction      Hex/Erth       24%        N/A       11%         4
 Petrify                  Tmut/Erth      48%        N/A       11%         4
 Summon Ice Beast         Ice/Summ       48%        N/A       11%         4
 Metabolic Englaciation   Hex/Ice        24%        N/A       30%         5
 Simulacrum               Ice/Necr       24%        N/A       86%         6
 Enfeeble                 Hex            24%        N/A       100%        7
 Maxwell's Capacitive Co  Air            24%        ∞         100%        8


Dungeon Overview and Level Annotations

Branches:
Dungeon (11/15)            Temple (1/1) D:6            Lair (5/5) D:9
  Swamp (1/4) Lair:2        Snake (4/4) Lair:3        Slime (0/5) Lair:5
    Orc (2/2) D:11            Elf (0/3) Orc:2         Sewer (visited)
Ossuary (visited)          Bailey (visited)           IceCv (visited)
Volcano (visited)

Altars:
Ashenzari
Cheibriados
Dithmenos
Elyvilon
Fedhas
Gozag
Hepliaklqana
Kikubaaqudgha
Makhleb
Nemelex Xobeh
Okawaru
Qazlal
Ru
Sif Muna
Trog
Uskayaw
Vehumet
Wu Jian
Xom
Yredelemnul
Zin
The Shining One
Jiyva

Shops:
D:3 !   D:10 :   Orc:2 =*([

Portals:
Bazaar: Snake:3


Innate Abilities, Weirdness & Mutations

You have a pair of small horns on your head.
You are partially covered in large bone plates. (SH +4)
You sometimes lose your temper in combat.


Message History

Unknown command.
Casting: Iskenderun's Mystic Blast (safe; 1% risk of failure)
Confirm with . or Enter, or press ? or * to list all spells.
Casting: Starburst (mildly dangerous; 1% risk of failure)
Press: ? - help, Dir - look around, f - activate You feel a surge of power!
You smell burning wood.
The mangrove smoulders and burns.
The bolt of fire hits the swamp dragon!!
The swamp dragon is severely wounded.
The mangrove smoulders and burns. x2
The bunyip howls a warning cry!
The swamp dragon breathes poison at you.
The blast of poison engulfs you. You resist.
You hear a shout!
Found a stone staircase leading down.
Unknown command.
Unknown command.
Casting: Starburst (mildly dangerous; 1% risk of failure)
Confirm with . or Enter, or press ? or * to list all spells.
Casting: Starburst (mildly dangerous; 1% risk of failure)
Press: ? - help, Dir - look around, f - activate You feel a surge of power!
The bolt of fire hits the swamp dragon!!
You kill the swamp dragon!
Vehumet accepts your kill.
You feel your power returning.
The mangrove smoulders and burns.
You smell burning wood.
A bog body comes into view.
Your Evocations skill increases to level 17!
Unknown command.
Unknown command.
Casting: Starburst (mildly dangerous; 1% risk of failure)
Confirm with . or Enter, or press ? or * to list all spells.
Casting: Starburst (mildly dangerous; 1% risk of failure)
Press: ? - help, Dir - look around, f - activate You feel a surge of power!
The bolt of fire misses the bunyip.
The bunyip claws you! The bunyip claws you!!
* * * LOW HITPOINT WARNING * * *
The bunyip claws you!!
You die...

~.. ♣♣.~~.♣ §§♣.♣
♣♣♣ ♣>..)♣♣ ♣
♣~~..♣♣§♣♣♣.~§~~♣♣.~
n.§♣.~~§♣§.~§†.♣..~~
~~.....☼°○.§~~~.....
~~.~§~..~~.~.~.~..~~
♣~§~~§.○....t~~.~~~.
..~~~~○x☼†.~~~.....♣
~~~~~§§@○○..§.♣~~~~.
~~~~..○○○○....~~.~~~
~.~.~§~§○.~.....?~..
..♣$.~.§~.○♣♣~§~~~~~
~~~§.~.§~†....~§..~~
.♣♣♣.§.~~.♣♣§~~~.~♣~
♣♣~~§~~♣ .§..~~~
♣♣.~~^♣ >~~~§~


You could see a bunyip, an alligator and a bog body.

Vanquished Creatures
  Jorgrun (Orc:1)
  Kirke (Swamp:1)
  3 nagarajas
  The ghost of Wubuem the Fencer, an adept GnHu of Hepliaklqana (Snake:1)
  An azure jelly (IceCv)
  2 orc warlords
  3 quicksilver oozes (IceCv)
  3 dire elephants (Lair:5)
  The ghost of mertasd123 the Nimble, a journeyman GnMo of the Shining One (Lair:2)
  2 ettins (Orc:2)
  2 hydras
  Harold (D:9)
  The ghost of twist the Martial Artist, a journeyman GnCA of Ignis (D:10)
  An alligator (Swamp:1)
  3 salamander tyrants
  2 two-headed ogres
  18 naga warriors
  9 anacondas
  18 death yaks
  3 tengu warriors
  3 orc high priests (Orc:2)
  10 naga sharpshooters
  A hell knight (Volcano)
  10 shock serpents
  Amaemon (Lair:2)
  A spectral death yak (Lair:5)
  8 salamander mystics
  A spectral anaconda (Lair:5)
  2 obsidian statues
  8 naga ritualists
  A bog body (Lair:2)
  A swamp dragon (Swamp:1)
  4 necromancers (Lair:5)
  13 mana vipers
  A deep elf pyromancer (Volcano)
  5 orc knights
  5 cyclopes (Volcano)
  4 orc sorcerers
  2 oklob plants
  An ugly thing (D:11)
  30 salamanders
  26 elephants
  A moth of wrath (D:10)
  3 ice statues (IceCv)
  9 guardian serpents
  42 black mambas
  10 naga magi
  3 gargoyles
  4 molten gargoyles (Volcano)
  A torpor snail (Lair:5)
  9 cane toads
  An orange demon (Lair:2)
  5 rime drakes
  8 komodo dragons
  A queen bee (D:11)
  3 hornets
  11 slime creatures (IceCv)
  A troll (Orc:1)
  Grinder (D:3)
  4 polar bears
  A spectral elephant (Lair:5)
  9 blink frogs
  11 dream sheep
  Sigmund (D:3)
  A spriggan (Swamp:1)
  7 hogs (Swamp:1)
  2 basilisks
  3 fire bats
  53 yaks
  2 wraiths
  A steam dragon (D:8)
  2 wyverns
  2 death yak simulacra (Lair:5)
  A swamp worm (Swamp:1)
  Menkaure (D:4)
  6 vampire mosquitoes
  2 wargs (Orc:2)
  44 nagas
  11 water moccasins
  41 orc warriors
  Pargi (Sewer)
  4 black bears
  A sky beast (D:8)
  An elephant zombie (Lair:5)
  A great orb of eyes simulacrum (IceCv)
  2 ice beasts (D:7)
  7 ogres
  9 wolves
  An elephant skeleton (Lair:5)
  7 centaurs
  5 slime creature simulacra (IceCv)
  4 kobold brigands
  A phantom (D:5)
  2 elf zombies (Ossuary)
  15 bullfrogs
  3 necrophages (D:6)
  4 gnoll sergeants
  4 glowing shapeshifter simulacra (IceCv)
  A scorpion (D:5)
  2 cane toad simulacra (Lair:5)
  7 wights
  37 killer bees
  An elephant simulacrum (Lair:5)
  9 howler monkeys
  2 electric eels (D:6)
  4 hounds
  2 human zombies (Ossuary)
  4 jellies
  4 gnoll boudas
  19 orc priests
  Crazy Yiuf (D:5)
  Jessica (D:2)
  Terence (D:3)
  An iguana (D:6)
  25 orc wizards
  15 hell rats
  2 shapeshifter simulacra (IceCv)
  3 hound zombies (Ossuary)
  4 mummies (Ossuary)
  26 gnolls
  9 adders
  A river rat (D:4)
  3 shadow imps
  2 ufetubi
  3 worms (D:2)
  6 dart slugs
  94 orcs
  11 ball pythons
  6 bats
  9 endoplasms
  7 giant cockroaches
  12 goblins
  26 hobgoblins
  9 jackals
  33 kobolds
  5 quokkas
  7 frilled lizards
  A goblin zombie (Ossuary)
  A jackal zombie (Ossuary)
  A kobold zombie (Ossuary)
  An orc zombie (Ossuary)
  8 rats
  A rat zombie (Ossuary)
  2 butterflies (Lair:1)
  A withered plant (Lair:5)
1034 creatures vanquished.

Vanquished Creatures (collateral kills)
  A naga sharpshooter (Snake:4)
  2 nagas (Snake:4)
3 creatures vanquished.

Vanquished Creatures (others)
  A naga (Snake:4)
  80 fulminant prisms
  54 fungi
  106 plants
  25 withered plants (Lair:5)
266 creatures vanquished.

Grand Total: 1303 creatures vanquished

Notes
Turn   | Place    | Note
-------+----------+-------------------------------------------
     0 | D:1      | Querens the Deep Elf Conjurer began the quest for the Orb.
     0 | D:1      | Reached XP level 1. HP: 10/10 MP: 6/6
   180 | D:1      | Reached XP level 2. HP: 15/15 MP: 4/8
   200 | D:1      | Learned a level 2 spell: Searing Ray
   304 | D:1      | Reached skill level 1 in Evocations
   593 | D:1      | Reached XP level 3. HP: 17/19 MP: 6/10
   680 | D:2      | Reached skill level 4 in Spellcasting
   712 | D:2      | Noticed Jessica
   719 | D:2      | Killed Jessica
   720 | D:2      | Reached skill level 5 in Conjurations
   720 | D:2      | Reached XP level 4. HP: 24/24 MP: 1/12
  1246 | D:3      | Noticed Grinder
  1257 | D:3      | Gained mutation: You sometimes lose your temper in combat.
                  | [potion of mutation]
  1257 | D:3      | Gained mutation: You have a pair of small horns on your
                  | head. [potion of mutation]
  1257 | D:3      | Gained mutation: You are partially covered in large bone
                  | plates. (SH +4) [potion of mutation]
  1260 | D:3      | Killed Grinder
  1261 | D:3      | Reached skill level 5 in Spellcasting
  1261 | D:3      | Reached XP level 5. HP: 4/28 MP: 3/15
  1261 | D:3      | Reached XP level 6. HP: 5/32 MP: 3/16
  1408 | D:3      | Found a snail-covered altar of Cheibriados.
  1478 | D:3      | Reached skill level 6 in Spellcasting
  1648 | D:3      | Noticed Terence
  1654 | D:3      | Killed Terence
  1790 | D:3      | Noticed Sigmund
  1798 | D:3      | Killed Sigmund
  1799 | D:3      | Reached XP level 7. HP: 30/36 MP: 10/18
  1980 | D:3      | Found Ibbizinal's Distillery.
  1983 | D:3      | Bought a potion of curing for 33 gold pieces
  1983 | D:3      | Bought a potion of heal wounds for 55 gold pieces
  1983 | D:3      | Bought a potion of flight for 33 gold pieces
  1983 | D:3      | Bought a potion of lignification for 33 gold pieces
  2064 | D:4      | Learned a level 4 spell: Fulminant Prism
  2069 | D:4      | Learned a level 4 spell: Iskenderun's Mystic Blast
  2235 | D:4      | Found a bloodstained altar of Trog.
  2324 | D:4      | Noticed Menkaure
  2333 | D:4      | Killed Menkaure
  2334 | D:4      | Reached skill level 7 in Spellcasting
  2334 | D:4      | Reached skill level 1 in Translocations
  2334 | D:4      | Reached skill level 5 in Evocations
  2484 | D:4      | Reached XP level 8. HP: 21/41 MP: 12/21
  2614 | D:4      | Found a glowing drain.
  2623 | Sewer    | Entered a sewer
  2657 | Sewer    | Noticed Pargi
  2661 | Sewer    | Killed Pargi
  2767 | D:5      | Entered Level 5 of the Dungeon
  2946 | D:5      | Found a sand-covered staircase.
  2954 | Ossuary  | Entered an ossuary
  2989 | Ossuary  | Reached skill level 8 in Spellcasting
  3413 | D:5      | Found a runed translucent door.
  3414 | D:5      | Noticed Crazy Yiuf
  3420 | D:5      | Killed Crazy Yiuf
  3474 | D:6      | Reached XP level 9. HP: 45/45 MP: 18/23
  3544 | D:6      | Reached skill level 9 in Spellcasting
  3608 | D:6      | Found a staircase to the Ecumenical Temple.
  3617 | Temple   | Entered the Ecumenical Temple
  3738 | Temple   | Became a worshipper of Vehumet
  3808 | D:6      | Reached skill level 5 in Translocations
  4044 | D:6      | Reached * piety under Vehumet
  4044 | D:6      | Offered knowledge of Foxfire by Vehumet.
  4399 | D:6      | Reached skill level 10 in Spellcasting
  4408 | D:6      | Offered knowledge of Kiss of Death by Vehumet.
  4486 | D:6      | Reached ** piety under Vehumet
  4602 | D:7      | Found a sparkling altar of Nemelex Xobeh.
  4702 | D:7      | Found a shimmering altar of Xom.
  4707 | D:7      | Found a shimmering altar of Xom.
  4707 | D:7      | Found a shimmering altar of Xom.
  4707 | D:7      | Found a shimmering altar of Xom.
  4710 | D:7      | Found a shimmering altar of Xom.
  4712 | D:7      | Reached XP level 10. HP: 50/50 MP: 18/26
  4760 | D:7      | Found an iron altar of Okawaru.
  5135 | D:8      | Offered knowledge of Hailstorm by Vehumet.
  5188 | D:8      | Identified the +4 trident of Varogani {drain, Dex+4}
  5482 | D:8      | Reached skill level 10 in Conjurations
  5488 | D:8      | Reached *** piety under Vehumet
  5501 | D:8      | Reached skill level 11 in Spellcasting
  5775 | D:8      | Offered knowledge of Flame Wave by Vehumet.
  6020 | D:9      | Noticed Harold
  6039 | D:9      | Killed Harold
  6069 | D:9      | Noticed a death yak
  6072 | D:9      | Noticed a death yak
  6073 | D:9      | Noticed a death yak
  6075 | D:9      | Killed a death yak
  6076 | D:9      | Reached XP level 11. HP: 41/54 MP: 18/28
  6081 | D:9      | Killed a death yak
  6081 | D:9      | Killed a death yak
  6082 | D:9      | Reached skill level 12 in Spellcasting
  6090 | D:9      | Found a staircase to the Lair.
  6113 | D:9      | Reached skill level 10 in Evocations
  6123 | D:9      | Reached **** piety under Vehumet
  6258 | D:9      | Offered knowledge of Yara's Violent Unravelling by Vehumet.
  6271 | D:9      | Found a flagged portal.
  6315 | Bailey   | Entered a bailey
  6320 | Bailey   | Noticed an orc warlord
  6340 | Bailey   | Noticed an orc knight
  6350 | Bailey   | Killed an orc knight
  6378 | Bailey   | Found a runed translucent gate.
  6380 | Bailey   | Found a runed translucent gate.
  6382 | Bailey   | Found a runed translucent gate.
  6475 | Bailey   | Killed an orc warlord
  6481 | Bailey   | Identified the +11 shortbow "Ariwunn" {vorpal, rF+ Str+4}
  6502 | Bailey   | Acquired the amulet "Omiesk" {Reflect rPois SH+5}
  6567 | D:10     | Entered Level 10 of the Dungeon
  6645 | D:10     | Found Bumecya's Self-Improvement Boutique.
  6656 | D:10     | Reached ***** piety under Vehumet
  6656 | D:10     | Offered knowledge of Airstrike by Vehumet.
  6657 | D:10     | Reached skill level 13 in Spellcasting
  6676 | D:10     | Noticed an obsidian statue
  6685 | D:10     | Noticed a sixfirhy
  6688 | D:10     | Killed an obsidian statue
  6724 | D:10     | Noticed a tengu warrior
  6725 | D:10     | Noticed twist's ghost (journeyman GnCA)
  6734 | D:10     | Found a bloodstained altar of Trog.
  6735 | D:10     | Found a transporter.
  6751 | D:10     | Found a transporter.
  6813 | D:10     | Killed a tengu warrior
  6822 | D:10     | Killed twist's ghost
  6860 | D:10     | Found an ornate altar of the Wu Jian Council.
  6899 | D:10     | Noticed a two-headed ogre
  6904 | D:10     | Killed a two-headed ogre
  6905 | D:10     | Reached XP level 12. HP: 59/59 MP: 31/31
  6970 | D:10     | Reached skill level 10 in Translocations
  6998 | D:10     | Found a glowing silver altar of Zin.
  7218 | D:11     | Found a staircase to the Orcish Mines.
  7244 | D:11     | Noticed a tengu warrior
  7246 | D:11     | Noticed a tengu warrior
  7254 | D:11     | Killed a tengu warrior
  7261 | D:11     | Killed a tengu warrior
  7331 | D:11     | Noticed a two-headed ogre
  7336 | D:11     | Reached skill level 14 in Spellcasting
  7338 | D:11     | Killed a two-headed ogre
  7338 | D:11     | Offered knowledge of Starburst by Vehumet.
  7592 | D:11     | Learned a level 6 spell: Starburst
  7593 | Orc:1    | Entered Level 1 of the Orcish Mines
  7652 | Orc:1    | Noticed Jorgrun
  7663 | Orc:1    | Killed Jorgrun
  7664 | Orc:1    | Reached skill level 1 in Fire Magic
  7766 | Orc:2    | Entered Level 2 of the Orcish Mines
  7768 | Orc:2    | Noticed an ettin
  7777 | Orc:2    | Killed an ettin
  7779 | Orc:2    | Noticed an orc warlord
  7780 | Orc:2    | Noticed an orc high priest
  7785 | Orc:2    | Paralysed by an orc sorcerer for 4 turns
  7793 | Orc:2    | Killed an orc warlord
  7793 | Orc:2    | Killed an orc high priest
  7818 | Orc:2    | Reached XP level 13. HP: 55/63 MP: 16/33
  7928 | Orc:2    | Noticed an ettin
  7941 | Orc:2    | Killed an ettin
  7942 | Orc:2    | Reached skill level 15 in Spellcasting
  7971 | Orc:2    | Found Cayriomn's Antique Weapon Shoppe.
  8071 | Orc:2    | Found Hikux's Jewellery Shoppe.
  8150 | Orc:2    | Found Raokikh's General Store.
  8161 | Orc:2    | Found a staircase to the Elven Halls.
  8223 | Orc:2    | Found Vasaurch's Antique Armour Shop.
  8549 | Orc:2    | Bought a manual of Necromancy for 1440 gold pieces
  8549 | Orc:2    | Bought a potion of brilliance for 72 gold pieces
  8647 | Lair:1   | Entered Level 1 of the Lair of Beasts
  8775 | Lair:1   | Offered knowledge of Iron Shot by Vehumet.
  8776 | Lair:1   | Reached skill level 5 in Fire Magic
  8854 | Lair:1   | You fall into a shaft and drop 1 floor!
  8854 | Lair:2   | Noticed Amaemon
  8858 | Lair:2   | Killed Amaemon
  8896 | Lair:2   | Found a staircase to the Swamp.
  8943 | Lair:2   | Found a transporter.
  9027 | Lair:2   | Reached skill level 1 in Fighting
  9085 | Lair:2   | Found a transporter.
  9127 | Lair:2   | Found a dark tunnel.
  9149 | Volcano  | Entered a volcano
  9265 | Volcano  | Reached skill level 16 in Spellcasting
  9306 | Volcano  | Reached XP level 14. HP: 72/72 MP: 17/36
  9350 | Volcano  | Noticed an orb of fire
  9391 | Volcano  | Noticed an orb of fire
  9645 | Lair:1   | Found a snail-covered altar of Cheibriados.
  9998 | Lair:2   | Noticed mertasd123's ghost (journeyman GnMo)
 10033 | Lair:2   | Killed mertasd123's ghost
 10112 | Lair:2   | Reached ****** piety under Vehumet
 10117 | Lair:2   | Offered knowledge of Conjure Ball Lightning by Vehumet.
 10312 | Lair:3   | Found a frozen archway.
 10651 | IceCv    | Entered an ice cave
 10662 | IceCv    | Noticed a quicksilver ooze
 10666 | IceCv    | Killed a quicksilver ooze
 10769 | IceCv    | Reached skill level 17 in Spellcasting
 10895 | IceCv    | Noticed a quicksilver ooze
 10897 | IceCv    | Killed a quicksilver ooze
 10905 | IceCv    | Reached skill level 15 in Conjurations
 10906 | IceCv    | Noticed a quicksilver ooze
 10908 | IceCv    | Killed a quicksilver ooze
 10911 | IceCv    | Noticed an azure jelly
 10916 | IceCv    | Killed an azure jelly
 10919 | IceCv    | Found a viscous altar of Jiyva.
 10935 | IceCv    | Got Uxeuc's Enchiridion on the Chill
 11121 | Lair:3   | Found a staircase to the Snake Pit.
 11246 | Lair:4   | Reached XP level 15. HP: 62/80 MP: 36/38
 11345 | Lair:4   | Offered knowledge of Fireball by Vehumet.
 11664 | Lair:5   | Entered Level 5 of the Lair of Beasts
 11670 | Lair:5   | Reached skill level 5 in Fighting
 11895 | Lair:5   | Found a viscous altar of Jiyva.
 11895 | Lair:5   | Found a staircase to the Slime Pits.
 12173 | Lair:5   | Found the ring of the Tortoise {AC+8}
 12223 | Lair:5   | Offered knowledge of Lightning Bolt by Vehumet.
 12269 | Lair:5   | Identified the amulet of Aliud {Regen+ Str+6}
 12466 | Lair:5   | Reached skill level 15 in Evocations
 12558 | Lair:5   | Reached skill level 18 in Spellcasting
 12603 | Snake:1  | Entered Level 1 of the Snake Pit
 12652 | Snake:1  | Reached skill level 10 in Fire Magic
 12996 | Snake:1  | Reached XP level 16. HP: 76/90 MP: 40/40
 13052 | Snake:1  | Found a runed translucent door.
 13157 | Snake:1  | Noticed Wubuem's ghost (adept GnHu)
 13206 | Snake:1  | Killed Wubuem's ghost
 13342 | Snake:2  | Offered knowledge of Ozocubu's Refrigeration by Vehumet.
 13668 | Snake:2  | Reached skill level 19 in Spellcasting
 13912 | Snake:2  | Found a shadowy altar of Dithmenos.
 14460 | Snake:3  | Found a gateway to a bazaar.
 14741 | Snake:3  | Identified the +6 war axe "Ceonon" {spect, rC+ Str+3}
 14836 | Snake:4  | Entered Level 4 of the Snake Pit
 14949 | Snake:4  | Offered knowledge of Lehudib's Crystal Spear by Vehumet.
 14949 | Snake:4  | Offered knowledge of Fire Storm by Vehumet.
 14949 | Snake:4  | Offered knowledge of Shatter by Vehumet.
 14959 | Snake:4  | Learned a level 8 spell: Lehudib's Crystal Spear
 14969 | Snake:4  | Learned a level 9 spell: Fire Storm
 14979 | Snake:4  | Learned a level 9 spell: Shatter
 15266 | Snake:4  | Reached XP level 17. HP: 97/97 MP: 33/42
 15709 | Snake:4  | Reached skill level 20 in Spellcasting
 15898 | Snake:4  | Got a serpentine rune of Zot
 16038 | Swamp:1  | Entered Level 1 of the Swamp
 16056 | Swamp:1  | Noticed Kirke
 16061 | Swamp:1  | Killed Kirke
 16067 | Swamp:1  | Mangled by a bunyip

Illustrated notes

Levels and vault maps discovered:
D:1:      minmay_arrival_four_circles, layout_loops_corners, minmay_heptomino_o4
D:2:      layout_basic, minmay_divided_ellipse, uniq_jessica
D:3:      layout_basic, mainiacjoe_overflow_boulevard, serial_shops, shop,
          kennysheep_generic_room_11, uniq_grinder, uniq_terence, uniq_sigmund
D:4:      corexii_shack_village, layout_basic, trog_butcher_becter,
          portal_sewer_entry_e, uniq_menkaure
D:5:      layout_loops_cross, chequers_ossuary_entry_cave,
          uniq_crazy_yiuf_cottage
D:6:      kennysheep_housing_project, layout_gridville,
          minmay_temple_entry_large_hall, hangedman_abyss_or_decor_slice,
          serial_bayou_lagoon_a, kennysheep_generic_room_8
D:7:      layout_loops_ring, okawaru_metal_pillars_1_2,
          mainiacjoe_overflow_chevrons, xom_redecorated
D:8:      minmay_thinvault, layout_layer_cave, grunt_decor_junction
D:9:      layout_roguey, dpeg_lair_monsters, enter_bailey_3, uniq_harold
D:10:     layout_stronghold, zin_scriptorium, old_standard_altar,
          gammafunk_ghost_wrathful_warriors, minivault_16,
          nicolae_shop_self_help
D:11:     layout_rooms, hiddenorc2_lemuel, special_room [special_room_bee],
          kennysheep_doodads
Temple:   regret_index_temple_waves
Lair:1:   layout_loops_ring, lemuel_oklob_altar, infiniplex_staircase_pool_2,
          lemuel_fruit_fields
Lair:2:   layout_regular_city, skrybe_swamp_entry_bodies, nzn_ghost_randoct,
          nicolae_volcano_entry_batcave, serial_bayou_shore_b, uniq_amaemon
Lair:3:   layout_hall_layers, guppyfry_snake_entry_garden,
          portal_ice_cave_entry_pillars_2, minmay_hedge_maze,
          serial_bayou_pond_e
Lair:4:   layout_cellular_growth
Lair:5:   due_jungle_book, layout_regular_city, slime_entry_1
Swamp:1:  layout_falls_marsh, nicolae_swamp_bean_lake, uniq_kirke
Snake:1:  layout_chambers, hellmonk_ghost_happy_afterlife, lemuel_fruit_tree,
          grunt_megastairs_3
Snake:2:  layout_honeycomb, basic_altar, nicolae_triple_integral
Snake:3:  layout_grid_maze, serial_shops, bzr_in_the_mist
Snake:4:  johnstein_snake_rune_scales, layout_layer_cave,
          nicolae_snake_salamander_jacuzzi
Orc:1:    layout_caves, uniq_jorgrun
Orc:2:    grunt_orc_gardens, layout_caves, grunt_orc_garden, grunt_orc_garden,
          grunt_orc_garden, grunt_orc_garden, basic_altar

Skill      XL: |  1  2  3  4  5  6  7  8  9 10 11 12 13 14 15 16 17 |
---------------+----------------------------------------------------+-----
Evocations     | 1 3 4 5 6 8 9 11 12 13 14 15 16 17 | 17.0
Spellcasting   | 4 5 6 7 8 10 11 13 14 16 17 18 19 20 | 20.1
Conjurations   | 5 6 7 8 9 10 12 13 14 15 16 17 | 17.6
Translocations | 2 4 6 8 9 11 12 | 12.0
Fire Magic     | 3 6 8 10 11 12 | 12.7
Fighting       | 2 4 6 8 |  8.0
Dodging        | |  2.4
Stealth        | |  2.4

Action                   |  1- 3 |  4- 6 |  7- 9 | 10-12 | 13-15 | 16-18 || total
-------------------------+-------+-------+-------+-------+-------+-------++-------
Melee: Unarmed           |     5 |       |       |       |       |       ||     5
       Short sword       |     5 |    13 |       |       |       |       ||    18
       Rapier            |       |    23 |   114 |     2 |       |       ||   139
       Dagger            |       |     6 |       |       |       |       ||     6
       Headbutt          |       |       |    27 |    18 |     9 |     1 ||    55
       Trident           |       |       |       |    84 |    34 |     3 ||   121
 Cast: Magic Dart        |    45 |    20 |    24 |     1 |     6 |       ||    96
       Searing Ray       |     4 |    16 |    46 |     8 |     5 |       ||    79
       Iskenderun's Myst |       |       |    30 |   169 |   311 |   160 ||   670
       Fulminant Prism   |       |       |       |    15 |    36 |    29 ||    80
       Starburst         |       |       |       |       |   100 |   101 ||   201
Evoke: Wand              |       |       |    20 |    32 |    34 |    28 ||   114
       Box of beasts     |       |       |       |       |       |     1 ||     1
  Use: Potion            |       |     4 |     1 |     1 |     6 |    17 ||    29
       Scroll            |       |       |     9 |     5 |     5 |     7 ||    26
 Stab: Sleeping          |       |     4 |     6 |     6 |     1 |       ||    17
       Paralysed         |       |       |     5 |    17 |     9 |       ||    31
       Distracted        |       |       |       |     1 |       |       ||     1
Armor: Robe              |    12 |    14 |       |     3 |    11 |    16 ||    56
       Leather armour    |       |       |    50 |    22 |     1 |       ||    73
Dodge: Dodged            |    22 |    35 |   197 |   110 |    80 |    47 ||   491
Block: Orb               |       |     2 |    39 |    37 |    31 |    37 ||   146
       Reflection        |       |       |       |     6 |     3 |    17 ||    26

Table legend: (Time is in decaauts)
 A = Elapsed time spent in this place.
 B = Non-inter-level travel time spent in this place.
 C = Inter-level travel time spent in this place.
 D = Time resting spent in this place.
 E = Time spent auto-exploring this place.
 F = Levels seen in this place.
 G = Mean time per level.
                   A        B        C        D        E       F      G
               +--------+--------+--------+--------+--------+-----+--------+
         Total |  16240 |  14789 |   1451 |    133 |     99 |  29 |  560.0 |
       Dungeon |   7097 |   6561 |    536 |     31 |      0 |  11 |  645.2 |
        Temple |    143 |    122 |     21 |      0 |     99 |   1 |  143.0 |
          Lair |   3273 |   2933 |    340 |      6 |      0 |   5 |  654.6 |
         Swamp |     30 |     30 |      0 |      0 |      0 |   1 |   30.0 |
     Snake Pit |   3386 |   2954 |    432 |     82 |      0 |   4 |  846.5 |
  Orcish Mines |    999 |    879 |    120 |      0 |      0 |   2 |  499.5 |
         Sewer |    137 |    137 |      0 |      0 |      0 |   1 |  137.0 |
       Ossuary |    200 |    200 |      0 |      0 |      0 |   1 |  200.0 |
        Bailey |    202 |    202 |      0 |      0 |      0 |   1 |  202.0 |
      Ice Cave |    366 |    366 |      0 |      0 |      0 |   1 |  366.0 |
       Volcano |    401 |    401 |      0 |     14 |      0 |   1 |  401.0 |
               +--------+--------+--------+--------+--------+-----+--------+

Top non-repeatable levels by time:
 Snake:4: 1099 daAuts
 Snake:2: 1020 daAuts
     D:6: 994 daAuts
  Lair:5: 919 daAuts
     D:8: 893 daAuts
     D:3: 810 daAuts
  Lair:2: 745 daAuts
 Snake:1: 742 daAuts
     D:4: 657 daAuts
     D:1: 642 daAuts
    D:10: 606 daAuts
   Orc:2: 597 daAuts
     D:2: 577 daAuts
  Lair:3: 561 daAuts
  Lair:1: 559 daAuts
